 Dungeon Crawl Stone Soup version 0.20-a0-1018-ge435b50 (webtiles) character file.

18 Gorglomux the Charmwright (level 2, -1/15 HPs)
             Began as a Vine Stalker Skald on Apr 17, 2017.
             Slain by a hobgoblin (4 damage)
             ... on level 1 of the Dungeon.
             The game lasted 00:01:27 (707 turns).

Gorglomux the Charmwright (Vine Stalker Skald)       Turns: 707, Time: 00:01:28

Health: -1/15      AC:  3    Str: 13    XL:     2   Next: 70%
Magic:  0/6        EV: 11    Int: 13    God:
Gold:   0          SH:  0    Dex: 13    Spells: 4/5 levels left

rFire    . . .     SeeInvis .   a - +0 falchion
rCold    . . .     Gourm    .   (no shield)
rNeg     . . .     Faith    .   b - +0 leather armour
rPois    .         Spirit   +   (no helmet)
rElec    .         Reflect  .   (no cloak)
rCorr    .         Harm     .   (no gloves)
MR       .....                  (no boots)
Stlth    +.........             (no amulet)
Regen    0.1/turn               (no ring)
MPRegen  0.1/turn               (no ring)

@: infused
A: fangs 2, magic shield, antimagic bite, no potion heal 3, rot immunity
a: no special abilities


You were on level 1 of the Dungeon.
You were not hungry.

You visited 1 branch of the dungeon, and saw 2 of its levels.

Inventory:

Hand Weapons
 a - a +0 falchion (weapon)
Armour
 b - a +0 leather armour (worn)
Books
 c - a book of Battle
Comestibles
 d - a bread ration {@e1@e1}


   Skills:
 - Level 1.7 Fighting
 + Level 2.9 Long Blades
 - Level 0.7 Armour
 - Level 1.5 Dodging
 - Level 2.1 Spellcasting
 - Level 3.0 Charms


You had 4 spell levels left.
You knew the following spells:

 Your Spells              Type           Power        Failure   Level  Hunger
a - Infusion              Chrm           #...         12%         1    ##.....


Dungeon Overview and Level Annotations

Branches:
Dungeon (2/15)

Altars:


Innate Abilities, Weirdness & Mutations

You have extremely sharp teeth.
When hurt, damage is shared between your health and your magic reserves.
Your bite disrupts and absorbs the magic of your enemies.
Potions cannot restore your health.
You are immune to rotting.


Message History

You kill the jackal!
You regained 5 mp, and now have 5/6 mp.
You hit the worm. You bite the worm. You drain its power.
You feel invigorated. The worm bites you.
You climb downwards.
Your magical infusion is running out.
There is a stone staircase leading up here.
You take 2 damage, and have 9/15 hp.
You are no longer magically infusing your attacks.
MP restored: 6 A worm comes into view.
There is a stone staircase leading up here.
You swing at nothing.
You swing at nothing.
You hit the worm. You bite the worm, but do no damage. The worm bites you.
You take 3 damage, and have 7/15 hp.
You now have 4/6 mp.
You barely miss the worm. You bite the worm. You drain its power.
You feel invigorated. The worm bites you!
* * * LOW HITPOINT WARNING * * *
You take 4 damage, and have 3/15 hp.
MASSIVE DAMAGE!!
You now have 3/6 mp.
A giant cockroach and a hobgoblin come into view.
The giant cockroach moves out of view.
A goblin comes into view. It is wielding a club.
The giant cockroach bites you.
You now have 2/6 mp.
The giant cockroach bites you but does no damage.
Found a stone staircase leading up.
The hobgoblin barely misses you. The hobgoblin hits you.
* * * LOW HITPOINT WARNING * * *
You take 1 damage, and have 3/15 hp.
You now have 1/6 mp.
The hobgoblin barely misses you.
You riposte.
You closely miss the hobgoblin. Your bite misses the hobgoblin.
The giant cockroach bites you but does no damage.
You see here 14 gold pieces.
There is a stone staircase leading up here.
The giant cockroach barely misses you. The hobgoblin hits you.
* * * LOW HITPOINT WARNING * * *
You climb upwards.
A hobgoblin comes into view. It is wielding a club.
The hobgoblin shouts!
There is a stone staircase leading down here.
You take 2 damage, and have 1/15 hp.
You now have 1/6 mp.
The giant cockroach closely misses you. The giant cockroach misses you.
You riposte.
You closely miss the giant cockroach. Your bite misses the giant cockroach.
The giant cockroach barely misses you. The giant cockroach bites you.
* * * LOW HITPOINT WARNING * * *
You take 1 damage, and have 1/15 hp.
You begin infusing your attacks with magical energy.
The giant cockroach bites you but does no damage.
You now have 1/6 mp.
You barely miss the giant cockroach. Your bite misses the giant cockroach.
The giant cockroach closely misses you.
You riposte.
You barely miss the giant cockroach. You hit the giant cockroach.
The giant cockroach closely misses you. The giant cockroach barely misses you.
You now have 0/6 mp.
You hit the giant cockroach.
You kill the giant cockroach!
Your magical infusion is running out.
A hobgoblin comes into view.
You are no longer magically infusing your attacks.
You see here a giant cockroach corpse.
You miss the jackal.
The jackal barks!
You hear a shout!
The jackal closely misses you. The jackal bites you. x2
You now have 2/6 mp.
The hobgoblin shouts!
The jackal bites you but does no damage.
The jackal bites you.
You now have 1/6 mp.
The jackal bites you.
* * * LOW HITPOINT WARNING * * *
You take 1 damage, and have 2/15 hp.
You now have 0/6 mp.
You don't have enough magic to cast that spell.
You slash the jackal!
You kill the jackal!
You begin infusing your attacks with magical energy.
You now have 3/6 mp.
You hit the hobgoblin. The hobgoblin barely misses you.
You now have 2/6 mp.
You hit the hobgoblin.
You kill the hobgoblin!
You now have 1/6 mp.
You completely miss the hobgoblin. Your bite misses the hobgoblin.
The hobgoblin barely misses you.
You closely miss the hobgoblin. The hobgoblin closely misses you.
You hit the hobgoblin. The hobgoblin hits you with a club.
* * * LOW HITPOINT WARNING * * *
You take 1 damage, and have 3/15 hp.
You now have 0/6 mp.
You hit the hobgoblin.
You kill the hobgoblin!
All of the chunks of flesh in your inventory have rotted away.
You hit the hobgoblin but do no damage. The hobgoblin hits you.
You die...

##### .. ##########...# b..
#......@g....########### ....
#.########.............#
....##.#####.g.......######.#
..........g.g.........# #.#
.........#.##.........######†#
######...#$#####...........#g#
#...#.#.)..)........g...#
#.....#.###...####.##.###
#.........##.#####.##.#


You could see a hobgoblin.

Vanquished Creatures
  A giant cockroach (D:1)
  A goblin (D:1)
  2 hobgoblins (D:1)
  8 jackals
  2 bats (D:1)
  A kobold (D:1)
15 creatures vanquished.

Notes
Turn   | Place    | Note
-------+----------+-------------------------------------------
     0 | D:1      | Gorglomux the Vine Stalker Skald began the quest for the Orb.
     0 | D:1      | Reached XP level 1. HP: 11/11 MP: 4/4
    13 | D:1      | Reached skill level 2 in Long Blades
   181 | D:1      | HP: 2/11 [worm (7)]
   469 | D:1      | Reached XP level 2. HP: 15/15 MP: 3/6
   596 | D:2      | HP: 3/15 [worm (4)]
   603 | D:2      | HP: 3/15 [hobgoblin (1)]
   609 | D:2      | HP: 1/15 [hobgoblin (2)]
   620 | D:1      | HP: 1/15 [giant cockroach (1)]
   660 | D:1      | HP: 2/15 [jackal (1)]
   705 | D:1      | HP: 3/15 [hobgoblin/club (1)]
   707 | D:1      | Slain by a hobgoblin

Vault maps used:
D:1:      dpeg_arrival_pits
D:2:      bloody_makhleb, vehumet_crystals, lemuel_zombie_altar_kikubaaqudgha,
          minmay_misc_feat_four_crosses, nemelex_diamond_rough_becter,
          uniq_crazy_yiuf_cottage

Skill      XL: |  1 |
---------------+----+-----
Long Blades    | 2 |  2.9
Fighting       | |  1.7
Armour         | |  0.7
Dodging        | |  1.5
Spellcasting   | |  2.1
Charms         | |  3.0

Action                   || total
-------------------------++-------
Melee: Falchion          ||    38
       Bite              ||     9
 Cast: Infusion          ||     7
Armor: Leather armour    ||    15
Dodge: Dodged            ||    41
       Rpst.: Falchion   ||    13

Vault maps used:
D:1:      dpeg_arrival_pits
D:2:      bloody_makhleb, vehumet_crystals, lemuel_zombie_altar_kikubaaqudgha,
          minmay_misc_feat_four_crosses, nemelex_diamond_rough_becter,
          uniq_crazy_yiuf_cottage

Table legend:
 A = Turns spent in this place as a percentage of turns spent in the entire game.
 B = Non-inter-level travel turns spent in this place as a percentage of non-inter-level travel turns spent in the entire game.
 C = Inter-level travel turns spent in this place as a percentage of turns spent in this place.
 D = Turns resting spent in this place as a percentage of non-inter-level travel turns spent in this place.
 E = Turns spent auto-exploring this place as a percentage of non-inter-level travel turns spent in this place.
 F = Non-inter-level travel turns spent in this place divided by the number of levels of this place that you've seen.
                   A       B       C       D       E      F
               +-------+-------+-------+-------+-------+----------------------
         Total | 100.0 | 100.0 |   0.0 |   4.9 |   0.4 | 122.5
       Dungeon | 100.0 | 100.0 |   0.0 |   4.9 |   0.4 | 122.5
               +-------+-------+-------+-------+-------+----------------------

Table legend:
 A = Kills in this place as a percentage of kills in entire the game.
 B = Kills by you in this place as a percentage of kills by you in the entire game.
 C = Kills by friends in this place as a percentage of kills by friends in the entire game.
 D = Other kills in this place as a percentage of other kills in the entire game.
 E = Experience gained in this place as a percentage of experience gained in the entire game.
 F = Experience gained in this place divided by the number of levels of this place that you have seen.
                   A       B       C       D       E      F
               +-------+-------+-------+-------+-------+----------------------
         Total | 100.0 | 100.0 |  -nan |  -nan | 100.0 |  13.5
       Dungeon | 100.0 | 100.0 |  -nan |  -nan | 100.0 |  13.5
               +-------+-------+-------+-------+-------+----------------------
